 Dungeon Crawl Stone Soup version 0.29-a0-88-g03a7b78be7 (webtiles) character file.

Game seed: 12940475581592337612

114389 dmks the Metallomancer (level 16, -4/77 HPs)
             Began as a Gargoyle Earth Elementalist on Feb 5, 2022.
             Was a High Priest of Ashenzari.
             Slain by a sun demon (19 damage)
             ... on level 4 of the Abyss.
             The game lasted 02:48:26 (50666 turns).

dmks the Metallomancer (GrEE)                      Turns: 50666, Time: 02:48:27

Health: -4/77      AC: 31    Str: 19    XL:     16   Next: 65%
Magic:  5/38       EV: 14    Int: 31    God:    Ashenzari [*****.]
Gold:   1854       SH:  8    Dex: 10    Spells: 32/48 levels left

rFire   . . .      SeeInvis +   y - staff of earth (curse) {Elem, Evo}
rCold   . . .      Faith    .   j - +0 buckler
rNeg    + . .      Spirit   .   J - +0 steam dragon scales of the Sublime Augur {Bglg, Self} (curse)
rPois   ∞          Reflect  +   a - +2 helmet of the Bound Morning Star {Int+4, Comp, Elem} (curse)
rElec   +          Harm     .   x - +2 cloak
rCorr   .          Rampage  .   N - +0 pair of gloves "Share My Secrets" {Melee, Range} (curse)
Will    .....      Clarity  +   w - +3 pair of boots of the Cursed Seer {rPois Will- Int+4 Slay+3, Fort, Comp} (curse)
Stlth   ++........              p - amulet of the Lashed Soothsayer {Reflect SH+5, Melee, Bglg} (curse)
HPRegen 0.22/turn               C - ring of Ashenzari's Fallacy {Str+6, Self, Fort} (curse)
MPRegen 0.26/turn               V - ring of Panopticon {MP+9, Elem, Bglg} (curse)

@: about to teleport, flying
A: sickness immunity, AC +12, big wings, negative energy resistance 1,
electricity resistance, torment resistance 1, petrification resistance,
[deformed body], [low MP 2]
a: Renounce Religion, Curse Item, Shatter the Chains


You were on level 4 of the Abyss.
You worshipped Ashenzari.
Ashenzari was extremely pleased with you.
You visited 4 branches of the dungeon, and saw 24 of its levels.
You visited the Abyss 1 time.
You also visited: Bailey, Gauntlet, Ice Cave and Volcano.

You collected 2639 gold pieces.
You spent 785 gold pieces at shops.

Inventory:

Hand Weapons
 o - the +14 obsidian axe {vorpal, Mesm Drain Fly SInv}
   (You found it in a Gauntlet)

   It inflicts extra damage upon your enemies.
   It occasionally summons demons to assist the wielder when it strikes in
   combat.
   Its wielder is mesmerised by any visible foes.
   It cannot be unequipped while any foes are visible.
   SInv:      It lets you see invisible.
   Fly:       It grants you flight.
   Drain:     It drains your maximum health when unequipped.
 F - the +6 whip of the Original Sin {vamp, rN+}
   (You took it off an orc wizard on level 12 of the Dungeon)

   It occasionally heals its wielder for a portion of the damage dealt when it
   wounds a living foe.
   rN:        It protects you from negative energy.
 T - the +11 trident of Woperch {drain, Will++}
   (You found it on level 12 of the Dungeon)

   A truly terrible weapon, it drains the life of any living foe it strikes.
   Will:      It greatly increases your willpower.
Missiles
 I - a throwing net {!f}
 X - 345 stones
Armour
 a - the cursed +2 helmet of the Bound Morning Star (worn) {Int+4, Comp, Elem}
   (You took it off Robin on level 4 of the Dungeon)

   Int:       It affects your intelligence (+4).
   It has a curse which improves the following skills: Companions: Summonings
   and Necromancy.
   Elements:  Fire Magic, Ice Magic, Air Magic and Earth Magic.
 j - a +0 buckler (worn)
   (You took it off a tengu reaver on level 12 of the Dungeon)
 w - the cursed +3 pair of boots of the Cursed Seer (worn) {rPois Will- Int+4 Slay+3, Fort, Comp}
   (You acquired it on level 6 of the Dungeon)

   Int:       It affects your intelligence (+4).
   Slay:      It affects your accuracy & damage with ranged weapons and melee
   (+3).
   rPois:     It protects you from poison.
   Will:      It decreases your willpower.
   It has a curse which improves the following skills: Fortitude: Armour and
   Shields.
   Companions: Summonings and Necromancy.
 x - a +2 cloak (worn)
   (You found it on level 6 of the Lair of Beasts)
 z - the +1 robe of Ynylex {Will+}
   (You found it on level 12 of the Dungeon)

   Will:      It increases your willpower.
 J - the cursed +0 steam dragon scales of the Sublime Augur (worn) {Bglg, Self}
   (You found it on level 6 of the Dungeon)

   It has a curse which improves the following skills: Beguiling: Conjurations,
   Hexes and Translocations.
   Introspection: Fighting and Spellcasting.
 N - the cursed +0 pair of gloves "Share My Secrets" (worn) {Melee, Range}
   (You found it on level 10 of the Dungeon)

   It has a curse which improves the following skills: Melee Combat: Short
   Blades, Long Blades, Axes, Maces & Flails, Polearms, Staves and Unarmed
   Combat.
   Ranged Combat: Slings, Bows, Crossbows and Throwing.
 U - +0 steam dragon scales
   (You found it in a volcano)
Magical Staves
 y - a cursed staff of earth (weapon) {Elem, Evo}
   (You acquired it on level 8 of the Dungeon)
Jewellery
 i - a ring of protection from fire
   (You took it off an orc on level 5 of the Dungeon)
 k - the amulet "Boir" {Faith Dex+5}
   (You found it in a Gauntlet)

   [amulet of faith]

   It allows you to gain divine favour quickly.
   Dex:       It affects your dexterity (+5).
 p - the cursed amulet of the Lashed Soothsayer (around neck) {Reflect SH+5, Melee, Bglg}
   (You found it on level 3 of the Dungeon)

   [amulet of reflection]

   It reflects blocked missile attacks.
   SH:        It affects your SH (+5).
   It has a curse which improves the following skills: Melee Combat: Short
   Blades, Long Blades, Axes, Maces & Flails, Polearms, Staves and Unarmed
   Combat.
   Beguiling: Conjurations, Hexes and Translocations.
 C - the cursed ring of Ashenzari's Fallacy (left hand) {Str+6, Self, Fort}
   (You found it on level 6 of the Dungeon)

   [ring of strength]

   Str:       It affects your strength (+6).
   It has a curse which improves the following skills: Introspection: Fighting
   and Spellcasting.
   Fortitude: Armour and Shields.
 S - a ring of wizardry
   (You found it on level 2 of the Lair of Beasts)
 V - the cursed ring of Panopticon (right hand) {MP+9, Elem, Bglg}
   (You found it on level 4 of the Lair of Beasts)

   [ring of magical power]

   MP:        It affects your magic capacity (+9).
   It has a curse which improves the following skills: Elements: Fire Magic, Ice
   Magic, Air Magic and Earth Magic.
   Beguiling: Conjurations, Hexes and Translocations.
 Y - a +4 ring of protection
   (You found it on level 6 of the Lair of Beasts)
Wands
 d - a wand of iceblast (22)
   (You found it on level 10 of the Dungeon)
 l - a wand of polymorph (5)
   (You found it in an ice cave)
 n - a wand of charming (3)
   (You found it on level 14 of the Dungeon)
 u - a wand of mindburst (3)
   (You found it in a Gauntlet)
 v - a wand of digging (2)
   (You found it on level 2 of the Dungeon)
Scrolls
 b - a scroll of brand weapon
 e - a scroll of silence
 h - 4 scrolls of enchant armour
 m - 2 scrolls of identify {@r1}
 A - 7 scrolls of amnesia
 B - a scroll of summoning
 D - 6 scrolls of teleportation {@r4}
 G - 2 scrolls of enchant weapon
 Q - a scroll of fog
 R - a scroll of magic mapping
 W - 2 scrolls of immolation {!r}
 Z - 2 scrolls of vulnerability {!r}
Potions
 c - 2 potions of resistance
 f - 3 potions of magic
 g - 8 potions of curing {@q1}
 q - 5 potions of attraction {!q}
 r - 3 potions of brilliance
 s - 2 potions of lignification {!q}
 t - 3 potions of cancellation
 E - 3 potions of haste {@q3}
 H - a potion of heal wounds {@q2}
 L - 3 potions of might
 P - 5 potions of mutation {!q}


   Skills:
 - Level 12.0(15.4) Armour
 - Level 8.2 Dodging
 - Level 2.1 Stealth
 + Level 13.4(16.8) Spellcasting
 - Level 7.0 Transmutations
 * Level 23.3(27) Earth Magic


You had 32 spell levels left.
You knew the following spells:

 Your Spells              Type           Power      Damage    Failure   Level
a - Sandblast             Erth           100%       2d20      0%          1
b - Petrify               Tmut/Erth      100%       N/A       1%          4
c - Iron Shot             Conj/Erth      53%        9d10      1%          6
q - Passwall              Tmut/Erth      95%        N/A       0%          2
x - Stone Arrow           Conj/Erth      100%       3d13      1%          3

Your spell library contained the following spells:

 Spells                   Type           Power      Damage    Failure   Level
 Foxfire                  Conj/Fire      100%       2x1d9     1%          1
 Shock                    Conj/Air       100%       1d9       1%          1
 Slow                     Hex            100%       N/A       1%          1
 Spider Form              Tmut/Pois      47%        N/A       1%          3
 Blink                    Tloc           60%        N/A       2%          2
 Ensorcelled Hibernation  Hex/Ice        60%        N/A       2%          2
 Scorch                   Fire           60%        2d8       2%          2
 Blade Hands              Tmut           31%        N/A       3%          5
 Confusing Touch          Hex            30%        N/A       4%          3
 Conjure Flame            Conj/Fire      30%        6-21      4%          3
 Inner Flame              Hex/Fire       30%        N/A       4%          3
 Lesser Beckoning         Tloc           30%        N/A       4%          3
 Ozocubu's Armour         Ice            30%        N/A       4%          3
 Portal Projectile        Hex/Tloc       60%        N/A       4%          3
 Vampiric Draining        Necr           28%        2d8       5%          3
 Airstrike                Air            15%        N/A       17%         4
 Anguish                  Hex/Necr       14%        N/A       17%         4
 Flame Wave               Conj/Fire      30%        2d8       17%         4
 Manifold Assault         Tloc           30%        N/A       43%         5
 Excruciating Wounds      Necr           14%        N/A       45%         5
 Summon Cactus Giant      Summ           14%        N/A       95%         6
 Storm Form               Tmut/Air       24%        N/A       98%         7
 Ozocubu's Refrigeration  Ice            15%        4d8       100%        7
 Infestation              Necr           14%        N/A       100%        8
 Death's Door             Necr           14%        N/A       100%        9


Dungeon Overview and Level Annotations

Branches:
Dungeon (15/15)            Temple (1/1) D:6            Lair (6/6) D:9
 Shoals (0/4) Lair:4        Snake (0/4) Lair:4        Slime (0/5) Lair:5
    Orc (2/2) D:10            Elf (0/3) Orc:2        Vaults (0/5) D:13
 Bailey (visited)           IceCv (visited)         Volcano (visited)
Gauntlet (visited)
 Depths: D:15

Altars:
Ashenzari
Cheibriados
Dithmenos
Elyvilon
Fedhas
Gozag
Hepliaklqana
Kikubaaqudgha
Makhleb
Nemelex Xobeh
Okawaru
Qazlal
Ru
Sif Muna
Trog
Uskayaw
Vehumet
Wu Jian
Xom
Yredelemnul
Zin
The Shining One
Jiyva
Lugonu

Shops:
D:1 :   D:5 (   D:10 (   Orc:2 [=[:(*(

Portals:
Abyss: Lair:6

Annotations:
D:7 Pikel
D:13 Sonja
Lair:3 Gastronok


Innate Abilities, Weirdness & Mutations

You are immune to sickness and miasma.
Your stone body is resilient. (AC +12)
You are immune to poison.
Your large and strong wings let you fly.
You resist negative energy. (rN+)
You are resistant to electric shocks. (rElec)
You are resistant to unholy torment.
You are immune to petrification.
[Armour fits poorly on your strangely shaped body.]
[Your magical capacity is very low. (-20% MP)]


Message History

You are engulfed in seething chaos.
The thrashing horror is engulfed in seething chaos.
The sun demon is engulfed in seething chaos.
The sun demon hits you but does no damage.
The thrashing horror is engulfed in seething chaos.
The thrashing horror misses you.
The thrashing horror tramples you but does no damage.
The chaos spawn is engulfed in seething chaos.
The chaos spawn closely misses you.
The large abomination is engulfed in seething chaos.
The large abomination hits you!!
The sun demon is engulfed in seething chaos.
The sun demon hits you but does no damage.
The apocalypse crab is engulfed in seething chaos.
The apocalypse crab breathes chaos at you.
The blast of chaos engulfs you.
The thrashing horror is engulfed in seething chaos.
The chaos spawn is engulfed in seething chaos.
The chaos spawn flickers and vanishes for a moment.
The chaos spawn hits you!
* * * LOW HITPOINT WARNING * * *
You resist with some effort.
A wraith comes into view.
Okay, then.
As you read the scroll of fog, it crumbles to dust.
The scroll dissolves into smoke.
The sun demon misses you. The chaos spawn completely misses you.
You block the thrashing horror's attack.
The thrashing horror barely misses you.
The large abomination hits you but does no damage.
The apocalypse crab bites you but does no damage.
The apocalypse crab closely misses you. The sun demon barely misses you.
The ynoxinul gestures.
Okay, then.
As you read the scroll of fear, it crumbles to dust.
You assume a fearsome visage.
The apocalypse crab looks frightened!
The ufetubus looks frightened!
The sun demon resists with almost no effort.
The large abomination is unaffected.
The ufetubus looks frightened!
The thrashing horror is unaffected.
The chaos spawn is unaffected.
The ynoxinul looks frightened!
The ufetubus looks frightened!
You block the thrashing horror's attack.
The thrashing horror tramples you but does no damage.
The chaos spawn hits you!!
* * * LOW HITPOINT WARNING * * *
You feel your power leaking away. The sun demon hits you!!
You die...

, , , , *,,* ,,, , ,
* * , ..#..#..##,,
,, , *# ,
*.......#.# * ,, ,
*,. *,##..#..... * *
* ,,, #. *........ ,
* , , *
..#.###..5#.## ,,,,
, ,,.##....5.#§§..,,
,* , , ,,* #..,
#.5§X4##.#.#. ,, , ,
* *
,..###§33@§X§..W. ,,
, , ,* ,
..##5#t#§§⌠.#.# , ,*
* , *
,*##.#5#§#.§⌠... ,,*
*,** ,
..#....#......#
*,**, * ,,,,,
,###..#.## ...#.#,*,
* ,* , * ,
#....#...t.,.....,*,
, * ,,
#.##.##.#...##,..* ,
* , ,*
#.,.#......,....,**
, ,* #.#...,##
..##.#.# *, ,


You could see a sun demon (fast), an apocalypse crab (fleeing), a thrashing
horror, a large abomination, a ynoxinul (fleeing), a chaos spawn (berserk,
invisible) and 5 ufetubi.

Vanquished Creatures
  Rupert (D:14)
  Agnes (D:14)
  A tentacled starspawn (Abyss:4)
  Frances (D:14)
  Kirke (D:11)
  A tengu reaver (D:12)
  An orc warlord (Orc:1)
  A dire elephant (Lair:5)
  A minotaur (Gauntlet)
  A fire dragon (Volcano)
  A yaktaur captain (D:12)
  3 boulder beetles
  A deep elf high priest (D:12)
  Fannar (Orc:1)
  Erolcha (Orc:1)
  9 hydras
  5 centaur warriors
  2 catoblepae
  2 tengu warriors
  2 dancing weapons
  17 death yaks
  3 death knights
  4 two-headed ogres
  2 death scarabs (Gauntlet)
  4 orc high priests (Orc:2)
  4 thrashing horrors (Lair:6)
  Nergalle (Lair:3)
  3 wretched stars
  A spectral death yak (Gauntlet)
  4 lindwurms (Volcano)
  A phantasmal warrior (D:15)
  A harpy (D:12)
  A deep elf pyromancer (D:13)
  6 orc sorcerers
  4 orc knights
  A necromancer (Lair:6)
  5 ugly things
  2 cyclopes (D:12)
  2 manticores (D:12)
  17 elephants
  A rust devil (Abyss:3)
  5 centaur zombies
  A guardian serpent (shapeshifter) (D:12)
  3 black mambas
  7 cane toads
  8 smoke demons
  3 gargoyles
  An unseen horror (D:12)
  3 freezing wraiths (D:15)
  3 rime drakes
  17 komodo dragons
  3 kobold demonologists (D:11)
  An efreet (D:12)
  3 tengu conjurers
  An ice devil (Gauntlet)
  2 ancient zymes (Lair:6)
  A polar bear (Lair:3)
  2 hornets
  A polar bear (shapeshifter) (Lair:6)
  8 trolls
  Prince Ribbit (Bailey)
  34 blink frogs
  A raiju (Abyss:3)
  A tarantella (shapeshifter) (Lair:6)
  5 slime creatures
  2 large abominations (Abyss:4)
  A spectral black mamba (Gauntlet)
  2 centaur simulacra
  Sigmund (D:6)
  2 spriggans
  2 shadows (D:12)
  A wraith (D:15)
  47 yaks
  A ynoxinul (Lair:6)
  2 vampires
  6 hogs
  A death yak simulacrum (IceCv)
  5 basilisks
  2 chaos spawn (Lair:6)
  5 wyverns
  6 steam dragons
  5 humans (Bailey)
  14 vampire mosquitoes
  6 wargs
  2 nagas (Lair:4)
  An acid dragon (D:13)
  11 water moccasins
  A water moccasin (shapeshifter) (D:12)
  Duvessa (D:4)
  A hell hound (Volcano)
  An ice beast (D:5)
  2 sky beasts
  26 orc warriors
  A necrophage (D:5)
  7 ogres
  3 boggarts (D:14)
  17 wolves
  An ogre (shapeshifter) (Abyss:3)
  9 centaurs
  2 phantoms (D:4)
  2 lemures
  Blork the orc (D:4)
  5 kobold brigands
  14 bullfrogs
  2 two-headed ogre simulacra (D:11)
  3 gnoll sergeants
  2 scorpions (D:5)
  A water moccasin zombie (D:5)
  Dowan (D:4)
  A water moccasin skeleton (D:6)
  3 wights (D:7)
  5 howler monkeys
  A jelly (D:7)
  2 hounds
  11 orc priests
  3 iguanas
  16 orc wizards
  A scorpion zombie (D:5)
  Natasha (thrice) (D:4)
  4 hell rats (Lair:3)
  3 polar bear simulacra
  A spriggan simulacrum (D:11)
  A troll simulacrum (D:11)
  4 yak simulacra (Lair:6)
  2 wolf simulacra
  12 small abominations
  A hound zombie (D:5)
  2 hound skeletons (D:5)
  A howler monkey zombie (D:7)
  Robin (D:4)
  11 gnolls
  5 adders
  7 white imps
  An ufetubus (D:6)
  An adder zombie (D:4)
  3 worms
  4 dart slugs
  51 orcs
  4 ball pythons
  6 bats
  9 endoplasms
  4 giant cockroaches
  7 hobgoblins
  5 jackals
  18 kobolds
  4 quokkas
  4 frilled lizards
  13 goblins
  A quokka skeleton (D:4)
  8 rats
  4 river rat simulacra (Lair:6)
712 creatures vanquished.

Vanquished Creatures (others)
  4 demonic plants (Gauntlet)
  128 fungi
  108 plants
  6 starspawn tentacles (Abyss:4)
246 creatures vanquished.

Grand Total: 958 creatures vanquished

Notes
Turn   | Place    | Note
-------+----------+-------------------------------------------
     0 | D:1      | dmks the Gargoyle Earth Elementalist began the quest for
                  | the Orb.
     0 | D:1      | Reached XP level 1. HP: 10/10 MP: 3/3
   138 | D:1      | Reached skill level 1 in Transmutations
   143 | D:1      | Reached XP level 2. HP: 13/15 MP: 0/5
   198 | D:1      | Found Jaeruh's Book Shoppe.
   209 | D:1      | Reached skill level 4 in Earth Magic
   918 | D:1      | Reached XP level 3. HP: 18/19 MP: 2/6
  1135 | D:2      | Found a blossoming altar of Fedhas.
  1491 | D:2      | Found a faded altar of an unknown god.
  2006 | D:2      | Reached XP level 4. HP: 8/24 MP: 7/7
  2143 | D:2      | Learned a level 2 spell: Passwall
  2279 | D:2      | Reached skill level 5 in Earth Magic
  3587 | D:2      | Learned a level 3 spell: Stone Arrow
  3786 | D:3      | Found a shimmering altar of Xom.
  3791 | D:3      | Found a shimmering altar of Xom.
  3794 | D:3      | Found a shimmering altar of Xom.
  3796 | D:3      | Found a shimmering altar of Xom.
  3796 | D:3      | Found a shimmering altar of Xom.
  3798 | D:3      | Found a shimmering altar of Xom.
  3968 | D:3      | Reached XP level 5. HP: 22/28 MP: 2/9
  4063 | D:4      | Noticed Duvessa
  4063 | D:4      | Noticed Dowan
  4600 | D:3      | Noticed a kobold brigand
  4606 | D:3      | Noticed a kobold brigand
  4611 | D:4      | Noticed Natasha
  4616 | D:4      | Killed Natasha
  4741 | D:4      | Identified the +2 helmet of the Big Bang {Int+4}
  4741 | D:4      | Noticed Robin
  4976 | D:3      | Killed a kobold brigand
  4977 | D:3      | Reached skill level 6 in Earth Magic
  4977 | D:3      | Reached XP level 6. HP: 32/32 MP: 0/10
  5372 | D:4      | Killed Dowan
  5513 | D:4      | Killed Robin
  5513 | D:4      | Noticed Natasha
  5771 | D:4      | Killed Natasha
  6054 | D:4      | Noticed Natasha
  6058 | D:4      | Killed Natasha
  6342 | D:5      | Entered Level 5 of the Dungeon
  6467 | D:4      | Noticed Blork the orc
  6479 | D:4      | Reached skill level 7 in Earth Magic
  6479 | D:4      | Reached XP level 7. HP: 34/36 MP: 8/12
  6667 | D:4      | Learned a level 4 spell: Petrify
  7076 | D:5      | Reached skill level 8 in Earth Magic
  7319 | D:5      | Reached XP level 8. HP: 41/41 MP: 0/14
  7656 | D:5      | Found Gioheg's Weapon Shop.
  7973 | D:5      | Found a sacrificial altar of Ru.
  8118 | D:5      | Reached skill level 9 in Earth Magic
  8852 | D:6      | Reached skill level 5 in Spellcasting
  8981 | D:6      | Identified a scroll of acquirement
  8981 | D:6      | Acquired the +3 pair of boots "Memyonue" {rPois Will- Int+4
                  | Slay+3}
  9019 | D:6      | Found a staircase to the Ecumenical Temple.
  9108 | Temple   | Entered the Ecumenical Temple
  9418 | D:6      | Reached skill level 10 in Earth Magic
  9418 | D:6      | Reached XP level 9. HP: 41/45 MP: 3/17
  9576 | D:6      | Found a shadowy altar of Dithmenos.
  9579 | D:6      | Found a hazy altar of Hepliaklqana.
  9794 | D:6      | Noticed Sigmund
 10242 | D:4      | Killed Blork the orc
 10296 | D:4      | Killed Duvessa
 10435 | D:4      | Found a basalt altar of Yredelemnul.
 10921 | D:6      | Reached skill level 5 in Transmutations
 10921 | D:6      | Reached skill level 11 in Earth Magic
 11263 | D:6      | Killed Sigmund
 11863 | D:7      | Reached skill level 1 in Armour
 11998 | D:7      | Noticed a troll
 12018 | D:7      | Killed a troll
 12019 | D:7      | Reached skill level 12 in Earth Magic
 12196 | D:7      | Reached XP level 10. HP: 50/50 MP: 17/19
 12212 | D:7      | Found a flagged portal.
 12241 | Bailey   | Entered a bailey
 12782 | Bailey   | Noticed Prince Ribbit
 12783 | Bailey   | Noticed a vault guard
 12823 | Bailey   | Killed Prince Ribbit
 13258 | D:7      | Reached skill level 13 in Earth Magic
 13389 | D:7      | Found a blossoming altar of Fedhas.
 13389 | D:7      | Found a white marble altar of Elyvilon.
 13651 | Temple   | Became a worshipper of Ashenzari the Shackled
 13728 | D:7      | Noticed Pikel
 14134 | D:7      | Found an ornate altar of the Wu Jian Council.
 14258 | D:8      | Acquired a staff of earth
 15378 | D:9      | Reached * piety under Ashenzari
 15381 | D:9      | Found a glowing golden altar of the Shining One.
 16164 | D:9      | Found a shimmering blue altar of Sif Muna.
 16278 | D:9      | Found a staircase to the Lair.
 16285 | D:9      | Reached ** piety under Ashenzari
 16299 | D:9      | Reached XP level 11. HP: 54/54 MP: 16/23
 16741 | D:10     | Entered Level 10 of the Dungeon
 16975 | D:10     | Found Vobly's Antique Weapon Boutique.
 17103 | D:10     | Found a staircase to the Orcish Mines.
 17103 | D:10     | Noticed a two-headed ogre
 17271 | D:9      | Reached skill level 5 in Armour
 17271 | D:9      | Reached skill level 14 in Earth Magic
 17758 | D:10     | Identified the +1 quarterstaff "Spiderbane" {venom, Fragile
                  | +Blink rElec Int+4}
 18147 | D:10     | Killed a two-headed ogre
 18598 | Lair:1   | Entered Level 1 of the Lair of Beasts
 18615 | Lair:1   | Reached *** piety under Ashenzari
 20095 | Lair:2   | Reached skill level 15 in Earth Magic
 20526 | Lair:2   | Noticed a six-headed hydra
 20633 | Lair:2   | Reached **** piety under Ashenzari
 20805 | Lair:2   | Killed a six-headed hydra
 21285 | Lair:3   | Noticed a five-headed hydra
 21449 | Lair:3   | Reached XP level 12. HP: 52/60 MP: 14/27
 21530 | Lair:3   | Noticed a five-headed hydra
 21693 | Lair:3   | Noticed Gastronok
 22196 | Lair:3   | Noticed a death yak
 22256 | Lair:3   | Noticed a death yak
 22281 | Lair:2   | Killed a death yak
 22375 | Lair:3   | Noticed a death yak
 22378 | Lair:2   | Killed a death yak
 22542 | Lair:3   | Killed a five-headed hydra
 22775 | Lair:3   | Noticed a death yak
 22785 | Lair:2   | Killed a death yak
 22786 | Lair:2   | Reached skill level 16 in Earth Magic
 23400 | Lair:3   | Noticed a death yak
 23400 | Lair:3   | Noticed a death yak
 23400 | Lair:3   | Noticed a death yak
 23400 | Lair:3   | Noticed a death yak
 23400 | Lair:3   | Noticed a death yak
 23401 | Lair:3   | Noticed a death yak
 23407 | Lair:2   | Killed a death yak
 23488 | Lair:2   | Killed a death yak
 23870 | Lair:1   | Killed a death yak
 24096 | Lair:2   | Killed a death yak
 24101 | Lair:2   | Killed a death yak
 24461 | Lair:3   | Killed a death yak
 24697 | Lair:3   | Killed a death yak
 24698 | Lair:3   | Reached XP level 13. HP: 63/64 MP: 8/29
 24936 | Lair:3   | Reached skill level 17 in Earth Magic
 25153 | Lair:3   | Noticed Nergalle
 25165 | Lair:3   | Killed Nergalle
 25166 | Lair:3   | Reached skill level 5 in Dodging
 26422 | Lair:4   | Found a staircase to the Snake Pit.
 26768 | Lair:5   | Found a dark tunnel.
 26783 | Volcano  | Entered a volcano
 26849 | Volcano  | Reached skill level 10 in Spellcasting
 27664 | Volcano  | Reached skill level 18 in Earth Magic
 27788 | Volcano  | Noticed a fire dragon
 27811 | Volcano  | Killed a fire dragon
 28940 | Lair:4   | Found a staircase to the Shoals.
 29132 | Lair:5   | Reached ***** piety under Ashenzari
 29611 | Lair:5   | Gained mutation: Your large and strong wings let you fly.
                  | [Gargoyle growth]
 29611 | Lair:5   | Reached XP level 14. HP: 68/68 MP: 21/31
 29665 | Lair:5   | Reached skill level 10 in Armour
 29884 | Lair:5   | Found a viscous altar of Jiyva.
 29884 | Lair:5   | Found a staircase to the Slime Pits.
 30147 | Lair:5   | Noticed a dire elephant
 30525 | Lair:5   | Killed a dire elephant
 31101 | Lair:6   | Entered Level 6 of the Lair of Beasts
 31114 | Lair:6   | Reached skill level 19 in Earth Magic
 35245 | Lair:6   | Reached skill level 20 in Earth Magic
 35507 | Lair:6   | Reached XP level 15. HP: 61/72 MP: 32/33
 35556 | Lair:6   | Found a one-way gate to the infinite horrors of the Abyss.
 36494 | Lair:6   | Found a corrupted altar of Lugonu.
 36943 | Orc:1    | Entered Level 1 of the Orcish Mines
 36947 | Orc:1    | Noticed Erolcha
 37037 | Orc:1    | Killed Erolcha
 37494 | Orc:1    | Noticed Fannar
 37508 | Orc:1    | Killed Fannar
 37730 | Orc:1    | Found a burning altar of Makhleb.
 37957 | Orc:2    | Entered Level 2 of the Orcish Mines
 37973 | Orc:2    | Found Keicad's Antique Weapon Shoppe.
 38146 | Orc:2    | Found Huurubu's General Store.
 38161 | Orc:2    | Bought a potion of heal wounds for 50 gold pieces
 38161 | Orc:2    | Bought a scroll of vulnerability for 75 gold pieces
 38495 | Orc:2    | Found Piefehiq's Book Emporium.
 38735 | Orc:2    | Paralysed by an orc sorcerer for 5 turns
 38792 | Orc:2    | Bought Sif Muna's Almanac of Air and Stones for 660 gold
                  | pieces
 38802 | Orc:2    | Learned a level 6 spell: Iron Shot
 39273 | Orc:2    | Noticed an orc warlord
 39274 | Orc:2    | Found Aheushiri's Antique Weapon Shop.
 39597 | Orc:1    | Killed an orc warlord
 40054 | Orc:2    | Found Nasuyzxi's Antique Armour Emporium.
 40062 | Orc:2    | Reached skill level 21 in Earth Magic
 40110 | Orc:2    | Found a staircase to the Elven Halls.
 40113 | Orc:2    | Found Ilocham's Jewellery Emporium.
 40532 | Orc:2    | Found Xanif's Antique Armour Emporium.
 40992 | D:11     | Found a frozen archway.
 41159 | IceCv    | Entered an ice cave
 41278 | IceCv    | Found a transporter.
 41284 | IceCv    | Found a transporter.
 42597 | D:12     | Identified the +1 robe of Ynylex {Will+}
 43600 | D:12     | Noticed a tengu reaver
 43802 | D:12     | Reached XP level 16. HP: 75/77 MP: 26/35
 44095 | D:12     | Killed a tengu reaver
 44280 | D:12     | Reached skill level 22 in Earth Magic
 44300 | D:12     | Identified the +6 whip of the Original Sin {vamp, rN+}
 44706 | D:12     | Identified the +11 trident of Woperch {drain, Will++}
 45035 | D:13     | Found a gate to the Vaults.
 45064 | D:13     | Found a gate leading to a gauntlet.
 45179 | Gauntlet | Entered a Gauntlet
 45179 | Gauntlet | Found a transporter.
 45179 | Gauntlet | Found a transporter.
 45179 | Gauntlet | Found a transporter.
 45181 | Gauntlet | Found a transporter.
 45182 | Gauntlet | Found a transporter.
 45185 | Gauntlet | Found a transporter.
 45191 | Gauntlet | Found a transporter.
 45193 | Gauntlet | Found a transporter.
 45194 | Gauntlet | Found a transporter.
 45196 | Gauntlet | Found a transporter.
 45204 | Gauntlet | Found a transporter.
 45210 | Gauntlet | Found a transporter.
 45248 | Gauntlet | Identified the amulet "Boir" {Faith Dex+5}
 45844 | Gauntlet | Identified the +2 dagger of the Hand {vorpal, rF+ Dex+4}
 45844 | Gauntlet | Identified the Reference Book on Displaced Evil
 45844 | Gauntlet | Found the +14 obsidian axe {vorpal, Mesm Drain Fly SInv}
 46023 | D:13     | Noticed Sonja
 46025 | D:13     | Noticed Kirke
 46104 | D:12     | Identified the cursed +0 pair of gloves "Share My Secrets"
                  | {Melee, Range} (You found it on level 10 of the Dungeon)
 46104 | D:12     | Identified the cursed +0 steam dragon scales of the Sublime
                  | Augur {Bglg, Self} (You found it on level 6 of the Dungeon)
 46104 | D:12     | Identified the cursed ring of Ashenzari's Fallacy {Str+6,
                  | Self, Fort} (You found it on level 6 of the Dungeon)
 46104 | D:12     | Identified the cursed ring of Panopticon {MP+9, Elem, Bglg}
                  | (You found it on level 4 of the Lair of Beasts)
 46679 | D:12     | Noticed a sphinx
 47280 | D:11     | Killed Kirke
 47922 | D:14     | Noticed Frances
 48051 | D:14     | Noticed Agnes
 48057 | D:14     | Killed Agnes
 48344 | D:14     | Identified the +1 whip "Secret Weapon" {venom, *Noise rF+
                  | Str+4}
 48432 | D:14     | Reached skill level 23 in Earth Magic
 48590 | D:14     | Noticed Rupert
 48595 | D:14     | Paralysed by Rupert for 4 turns
 48599 | D:14     | Killed Rupert
 49120 | D:14     | Killed Frances
 49315 | D:15     | Entered Level 15 of the Dungeon
 49716 | D:15     | Cast into level 3 of the Abyss (a wizard)
 49716 | Abyss:3  | Found a corrupted altar of Lugonu.
 49754 | Abyss:3  | Noticed a hellephant
 49857 | Abyss:4  | Found a corrupted altar of Lugonu.
 49958 | Abyss:4  | Noticed a bone dragon
 49971 | Abyss:4  | Found a corrupted altar of Lugonu.
 50042 | Abyss:4  | Noticed an Executioner
 50183 | Abyss:4  | Found a corrupted altar of Lugonu.
 50211 | Abyss:4  | Noticed a tentacled starspawn
 50222 | Abyss:4  | Noticed a tentacled starspawn
 50233 | Abyss:4  | Killed a tentacled starspawn
 50630 | Abyss:4  | Noticed a hellephant
 50666 | Abyss:4  | Slain by a sun demon

Illustrated notes

Levels and vault maps discovered:
D:1:      dpeg_arrival_rooms_with_view, layout_basic, serial_shops,
          nicolae_shop_waterfront
D:2:      layout_basic, shapermc_ecumenical_altar_acropolis, basic_altar,
          grunt_decor_mini_mirrors
D:3:      cheibrodos_thug_alley, layout_rooms, xom_redecorated
D:4:      layout_rooms, lemuel_zombie_altar_yredelemnul, small_statue_alley_b,
          chequers_serial_rivers_small_a, uniq_blork_the_orc, uniq_robin,
          uniq_duvessa, uniq_natasha
D:5:      layout_loops_corners, nicolae_ru_sacrificial_ziggurat, serial_shops,
          shop
D:6:      layout_loops_ring, riverfiend_overflow_shadow_ancestor,
          lemuel_temple_firewalk_b, uniq_sigmund
D:7:      layout_basic, mainiacjoe_overflow_alcove_1,
          gammafunk_temple_overflow_pools, enter_bailey_3, uniq_pikel
D:8:      layout_basic, minmay_misc_feat_four_crosses, amethyst_killhole
D:9:      hellmonk_crumbling_castle, layout_cross, kennysheep_mini,
          amcnicky_altar_gilded
D:10:     layout_loops_ring, minmay_orc_entry_guard_dogs, serial_shops,
          shop_coins
D:11:     layout_stronghold, portal_ice_cave_entry_ice_simulacra
D:12:     minmay_bad_star, layout_small_grid, nzn_random_ring
D:13:     layout_rooms, erik_vaults_1, gauntlet_entry_generic, uniq_sonja,
          uniq_kirke
D:14:     layout_roguey, uniq_rupert, uniq_frances, uniq_agnes
D:15:     grunt_enter_depths_magical_seal, layout_basic, nrook_mini_backslash,
          special_room [special_room_orc], grunt_decor_fettered,
          hangedman_decor_riveting
Temple:   minmay_temple_bridge_abc
Lair:1:   layout_hall_layers, serial_bayou_pond_d
Lair:2:   layout_hall_layers
Lair:3:   layout_regular_city, serial_bayou_shore_b, uniq_gastronok,
          uniq_nergalle
Lair:4:   layout_small_grid, minmay_shoals_entry_centaurs,
          guppyfry_snake_entry_garden, st_stairs_5, grunt_megastairs_1,
          infiniplex_staircase_pool_2
Lair:5:   mu_elephants_graveyard, layout_regular_city, slime_altar_1,
          nicolae_volcano_entry_hallway, serial_bayou_crossing
Lair:6:   hellmonk_lair_end_abyssal_woods, layout_loops_ring,
          eino_house_with_fridge, lemuel_fruit_tree
Orc:1:    layout_diamond_mine, basic_altar, uniq_fannar, uniq_erolcha
Orc:2:    grunt_orc_gardens, layout_caves, grunt_orc_garden, grunt_orc_garden,
          grunt_orc_garden, grunt_orc_garden, serial_shops, shop_statue,
          nicolae_shop_waterfront, shop
Abyss:4:  base: D:5, minivault_1, lemuel_flamethrower_3,
          evilmike_abyss_exit_kraken, hangedman_abyss_or_decor_slice,
          evilmike_abyss_rune_tso_outpost, minivault_4,
          guppyfry_abyss_exit_imp_island, evilmike_abyss_exit_mutagenic,
          grunt_abyss_rune_forest_and_sorcery, evilmike_abyss_rune_tso_outpost,
          minivault_25_ag

Skill      XL: |  1  2  3  4  5  6  7  8  9 10 11 12 13 14 15 16 |
---------------+-------------------------------------------------+-----
Transmutations | 1 2 3 4 5 6 7 |  7.0
Earth Magic    | 4 5 6 7 8 10 12 13 15 16 18 20 21 23 | 23.3
Spellcasting   | 3 4 5 6 7 8 9 10 11 12 13 | 13.4
Armour         | 1 4 6 8 9 11 12 | 12.0
Dodging        | 3 4 6 7 8 |  8.2
Stealth        | |  2.1

Action                   |  1- 3 |  4- 6 |  7- 9 | 10-12 | 13-15 | 16-18 || total
-------------------------+-------+-------+-------+-------+-------+-------++-------
Melee: Unarmed           |    40 |       |       |       |       |     1 ||    41
       Short sword       |    19 |   163 |       |       |       |       ||   182
       Punch             |       |     5 |     2 |       |     1 |       ||     8
       Morningstar       |       |       |    71 |    22 |       |       ||    93
       Staff             |       |       |       |    15 |    26 |     1 ||    42
 Cast: Sandblast         |    55 |     5 |    20 |    47 |   119 |    56 ||   302
       Stone Arrow       |       |    39 |   102 |   339 |   708 |     4 ||  1192
       Passwall          |       |     3 |       |     2 |    10 |    15 ||    30
       Petrify           |       |       |     8 |    21 |    32 |    11 ||    72
       Iron Shot         |       |       |       |       |   102 |   131 ||   233
Invok: Curse Item        |       |       |       |     6 |     3 |       ||     9
       Shatter the Chain |       |       |       |       |       |     1 ||     1
Evoke: Wand              |     1 |       |       |       |     4 |       ||     5
  Use: Scroll            |       |     9 |     1 |     9 |     2 |    12 ||    33
       Potion            |       |       |       |     3 |     6 |     6 ||    15
 Stab: Sleeping          |       |     2 |     1 |       |       |       ||     3
Armor: Robe              |    29 |    84 |    56 |       |       |       ||   169
       Steam dragon scal |       |       |       |   109 |   287 |   137 ||   533
Dodge: Dodged            |    41 |    97 |    68 |   125 |   436 |   162 ||   929
Block: Other             |       |    19 |    31 |    57 |   131 |    11 ||   249
       Reflection        |       |     1 |       |     1 |    11 |     7 ||    20
       Buckler           |       |       |       |       |       |    81 ||    81

Table legend: (Time is in decaauts)
 A = Elapsed time spent in this place.
 B = Non-inter-level travel time spent in this place.
 C = Inter-level travel time spent in this place.
 D = Time resting spent in this place.
 E = Time spent auto-exploring this place.
 F = Levels seen in this place.
 G = Mean time per level.
                   A        B        C        D        E       F      G
               +--------+--------+--------+--------+--------+-----+--------+
         Total |  50880 |  49841 |   1039 |  19163 |  16899 |  30 | 1696.0 |
       Dungeon |  26066 |  25432 |    634 |   8094 |  11304 |  15 | 1737.7 |
        Temple |    298 |    255 |     43 |      0 |    172 |   1 |  298.0 |
          Lair |  17086 |  16863 |    223 |   8057 |   4081 |   6 | 2847.7 |
  Orcish Mines |   3660 |   3522 |    138 |   1443 |   1014 |   2 | 1830.0 |
         Abyss |    949 |    949 |      0 |    208 |      0 |   2 |  474.5 |
        Bailey |    624 |    624 |      0 |    322 |    115 |   1 |  624.0 |
      Ice Cave |    162 |    162 |      0 |    109 |      0 |   1 |  162.0 |
       Volcano |   1266 |   1266 |      0 |    639 |    141 |   1 | 1266.0 |
      Gauntlet |    765 |    765 |      0 |    291 |     72 |   1 |  765.0 |
               +--------+--------+--------+--------+--------+-----+--------+

Top non-repeatable levels by time:
  Lair:5: 3765 daAuts
  Lair:6: 3728 daAuts
  Lair:2: 3245 daAuts
    D:12: 3189 daAuts
     D:5: 2571 daAuts
  Lair:3: 2518 daAuts
  Lair:4: 2275 daAuts
     D:2: 2254 daAuts
     D:3: 2137 daAuts
    D:11: 2065 daAuts
    D:10: 2045 daAuts
   Orc:2: 2036 daAuts
     D:6: 1900 daAuts
     D:4: 1887 daAuts
   Orc:1: 1624 daAuts
